 Dungeon Crawl Stone Soup version 0.26-a0-663-g36e8fdb655 (webtiles) character file.

Game seed: 13065678592805554464

177 Kinoniko the Skirmisher (level 5, -4/57 HPs)
             Began as an Ogre Berserker on Oct 12, 2020.
             Was a Believer of Trog.
             Slain by an orc wizard
             ... wielding a +0 dagger
              (5 damage)
             ... on level 3 of the Dungeon.
             The game lasted 00:03:50 (2591 turns).

Kinoniko the Skirmisher (Ogre Berserker)            Turns: 2591, Time: 00:03:51

Health: -4/57      AC:  3    Str: 21    XL:     5   Next: 57%
Magic:  5/5        EV: 11    Int:  8    God:    Trog [**....]
Gold:   140        SH:  0    Dex:  9    Spells: 4/4 levels left

rFire    . . .     SeeInvis .   a - +0 spear
rCold    . . .     Faith    .   (no shield)
rNeg     . . .     Spirit   .   b - +0 animal skin
rPois    .         Reflect  .   (helmet restricted)
rElec    .         Harm     .   (no cloak)
rCorr    .         Rampage  .   (gloves unavailable)
MR       .....                  (boots unavailable)
Stlth    +.........             (no amulet)
HPRegen  0.19/turn              (no ring)
MPRegen  0.09/turn              (no ring)

@: berserk cooldown, slowed, very slow
A: large, unfitting armour, tough skin 1
a: Berserk, Trog's Hand, Renounce Religion


You were on level 3 of the Dungeon.
You worshipped Trog.
Trog was pleased with you.
You visited 1 branch of the dungeon, and saw 3 of its levels.

You collected 140 gold pieces.

Inventory:

Hand Weapons
 a - a +0 spear (weapon)
Armour
 b - a +0 animal skin (worn)
Wands
 k - a wand of random effects (13)
Scrolls
 c - 2 scrolls of identify
 f - a scroll of fear {unknown}
 g - a scroll of teleportation {unknown}
 i - 3 scrolls of remove curse {unknown}
 n - a scroll of enchant weapon {unknown}
Potions
 d - a potion of invisibility {unknown}
 e - a potion of mutation {unknown}
 h - a potion of brilliance {unknown}
 j - 3 potions of flight {unknown}
 l - 2 potions of lignification {unknown}
 m - a potion of resistance {unknown}


   Skills:
 + Level 5.4 Fighting
 * Level 4.6 Polearms
 + Level 3.6 Dodging


You had 4 spell levels left.
You didn't know any spells.
Your spell library was empty.

Dungeon Overview and Level Annotations

Branches:
Dungeon (3/15)

Altars:


Innate Abilities, Weirdness & Mutations

You are too large for most types of armour.
You have tough skin. (AC +1)


Message History

You completely miss the orc wizard.
The orc wizard is heavily wounded.
The orc wizard completely misses you. The orc wizard closely misses you.
You puncture the orc wizard!
The orc wizard is almost dead.
The orc wizard hits you with a +0 dagger.
* * * LOW HITPOINT WARNING * * *
The orc wizard gestures wildly while chanting.
The orc wizard blinks!
The orc wizard mumbles some strange words.
The orc wizard blinks!
You see here a bubbling cyan potion.
The orc wizard gestures at you while chanting.
The magic dart hits you!
* * * LOW HITPOINT WARNING * * *
The orc wizard gestures at you while chanting.
The magic dart hits you.
* * * LOW HITPOINT WARNING * * *
The orc wizard hits you with a +0 dagger.
You die...

## #.# #... #.# ###
## #...##.# .. ...
#...##.# .# ..#
#...##.##.##..#
#####...##........##
....................
........o@.....#
.........[...#.#
####...###### #
#...# #...# #...#
######...#
#.......##
#.####......#


You could see an orc wizard (fast).

Vanquished Creatures
  2 orc priests (D:3)
  Jessica (D:2)
  2 adders
  A worm (D:2)
  4 dart slugs
  3 leopard geckos
  7 orcs (D:3)
  3 bats (D:2)
  6 goblins
  6 hobgoblins
  6 jackals
  A ball python (D:3)
  5 frilled lizards
  3 kobolds
  7 rats
57 creatures vanquished.

Notes
Turn   | Place    | Note
-------+----------+-------------------------------------------
     0 | D:1      | Kinoniko the Ogre Berserker began the quest for the Orb.
     0 | D:1      | Reached XP level 1. HP: 24/24 MP: 1/1
   181 | D:1      | Reached XP level 2. HP: 32/32 MP: 2/2
   750 | D:1      | Reached XP level 3. HP: 40/40 MP: 3/3
  1520 | D:2      | Reached ** piety under Trog
  1577 | D:2      | Reached XP level 4. HP: 39/49 MP: 4/4
  1744 | D:2      | Noticed Jessica
  1748 | D:2      | Killed Jessica
  1748 | D:2      | Reached skill level 5 in Fighting
  2104 | D:3      | Reached XP level 5. HP: 20/57 MP: 5/5
  2591 | D:3      | HP: 1/57 [orc wizard/magic dart (2)]
  2591 | D:3      | Slain by an orc wizard

Illustrated notes

Levels and vault maps discovered:
D:1:      kilobyte_arrival_exit_the_forest, layout_loops_corners, minivault_4
D:2:      layout_basic, uniq_jessica
D:3:      layout_loops_cross, kennysheep_generic_room_16

Skill      XL: |  1  2  3  4 |
---------------+-------------+-----
Dodging        | 3 |  3.6
Fighting       | 5 |  5.4
Polearms       | 4 |  4.6

Action                   |  1- 3 |  4- 6 || total
-------------------------+-------+-------++-------
Melee: Spear             |   126 |    76 ||   202
Invok: Berserk           |       |     2 ||     2
  Use: Scroll            |       |     1 ||     1
 Stab: Distracted        |     1 |       ||     1
Armor: Animal skin       |    20 |     6 ||    26
Dodge: Dodged            |    41 |    27 ||    68

Table legend: (Time is in decaauts)
 A = Elapsed time spent in this place.
 B = Non-inter-level travel time spent in this place.
 C = Inter-level travel time spent in this place.
 D = Time resting spent in this place.
 E = Time spent auto-exploring this place.
 F = Levels seen in this place.
 G = Mean time per level.
                   A        B        C        D        E       F      G
               +--------+--------+--------+--------+--------+-----+--------+
         Total |   2587 |   2510 |     77 |    406 |   1745 |   3 |  862.3 |
       Dungeon |   2587 |   2510 |     77 |    406 |   1745 |   3 |  862.3 |
               +--------+--------+--------+--------+--------+-----+--------+

Top non-repeatable levels by time:
     D:2: 1032 daAuts
     D:1: 1006 daAuts
     D:3: 548 daAuts
